 Dungeon Crawl Stone Soup version 0.31-a0-765-g67fe2935dc (webtiles) character file.

Game seed: 11854714906773340650

6818 cforsyth the Fighter (level 11, -10/80 HPs)
             Began as a Djinni Delver on Sept 15, 2023.
             Was a High Priest of Hepliaklqana.
             Shot with an arrow by a centaur warrior (12 damage)
             ... while paralysed by Maggie
             ... on level 10 of the Dungeon.
             The game lasted 00:23:02 (10422 turns).

cforsyth the Fighter (Djinni Delver)               Turns: 10422, Time: 00:23:03

Health: -10/80     AC: 12    Str: 11    XL:     11   Next: 25%
Gold:   308        EV:  2    Int: 16    God:    Hepliaklqana [*****.] SH:  0 Dex: 15

rFire   + + .        D - +6 short sword
rCold   x . .        E - +0 buckler
rNeg    . . .        Q - +0 troll leather armour
rPois   ∞            C - +2 hat
rElec   .            b - +2 cloak
rCorr   .            (no gloves)
SInv    .            (boots unavailable)
Will    .....        y - amulet of regeneration
Stlth   ++           J - +4 ring of protection
HPRegen 1.93/turn    K - ring of the Hare {EV+10}
MPRegen 0.00/turn

%: infuse magic (-11 HP)
@: paralysed, weak-willed, jinxed, flying, mesmerised, hasted
A: reduced essence, sickness immunity, fire resistance 2, cold vulnerability 1,
float, innate caster, HP casting, extra vitality 1
a: Renounce Religion, Recall Ancestor, Ancestor Identity, Transference, Idealise


You were on level 10 of the Dungeon.
You worshipped Hepliaklqana.
Hepliaklqana was extremely pleased with you.
You visited 2 branches of the dungeon, and saw 11 of its levels.
You also visited: Bailey.

You collected 773 gold pieces.
You spent 465 gold pieces at shops.

Inventory:

Hand Weapons
 k - a +1 dagger of speed
 t - a +1 short sword of speed
 D - a +6 short sword (weapon)
Armour
 b - a +2 cloak (worn)
 A - an orb of light
 C - a +2 hat (worn)
 E - a +0 buckler (worn)
 Q - a +0 troll leather armour (worn)
Jewellery
 h - an amulet of reflection
 y - an amulet of regeneration (around neck)
 J - a +4 ring of protection (left hand)
 K - the ring of the Hare (right hand) {EV+10}
   (You acquired it on level 8 of the Dungeon)

   [ring of evasion]

   EV+10:     It affects your evasion (+10).
 P - a ring of protection from cold
Talismans
 L - a talisman of death
Wands
 g - a wand of digging (3)
 l - a wand of flame (19)
 B - a wand of polymorph (12)
 N - a wand of quicksilver (1)
Scrolls
 a - a scroll of butterflies {unknown}
 c - 2 scrolls of fog
 d - 6 scrolls of revelation
 e - 2 scrolls of fear
 j - 11 scrolls of teleportation
 p - a scroll of brand weapon {unknown}
 q - 2 scrolls of poison {unknown}
 s - a scroll of immolation {unknown}
 u - 2 scrolls of enchant armour {unknown}
 v - 2 scrolls of noise {unknown}
 z - a scroll of amnesia {unknown}
 F - 2 scrolls of blinking {unknown}
 O - 3 scrolls of enchant weapon {unknown}
Potions
 f - 3 potions of haste
 i - a potion of berserk rage {unknown}
 m - 3 potions of mutation
 n - 2 potions of brilliance
 o - 6 potions of lignification
 r - 6 potions of curing
 w - 3 potions of enlightenment
 x - a potion of experience {unknown}
 G - a potion of resistance {unknown}
 H - a potion of invisibility {unknown}
 I - a potion of cancellation


   Skills:
 + Level 11.7 Fighting
 - Level 1.7 Long Blades
 - Level 2.1 Dodging
 - Level 4.1 Stealth
 - Level 5.0 Shields
 + Level 8.2 Spellcasting
 + Level 8.2 Conjurations
 + Level 8.2 Hexes
   Level 0.0 Charms
 + Level 8.2 Summonings
 + Level 8.2 Necromancy
 + Level 8.2 Translocations
 + Level 8.2 Transmutations
 + Level 8.2 Fire Magic
 + Level 8.2 Ice Magic
 + Level 8.2 Air Magic
 + Level 8.2 Earth Magic
 + Level 8.2 Poison Magic


You knew the following spells:

 Your Spells              Type           Power      Damage    Failure   Level
a - Summon Small Mammal   Summ           100%       N/A       1%          1
b - Jinxbite              Hex            64%        N/A       1%          2
c - Frozen Ramparts       Ice            64%        1d10      1%          3
d - Vhi's Electric Charg  Tloc/Air       64%        N/A       7%          4
e - Flame Wave            Conj/Fire      32%        2d9       7%          4
Your spell library was empty.

Dungeon Overview and Level Annotations

Branches:
Dungeon (10/15)            Temple (1/1) D:4            Lair (0/5) D:9
 Bailey (visited)
    Orc: D:9-12

Altars:
Ashenzari
Dithmenos
Elyvilon
Fedhas
Gozag
Hepliaklqana
Makhleb
Nemelex Xobeh
Okawaru
Qazlal
Ru
Trog
Uskayaw
Wu Jian
Xom
Yredelemnul
Zin
The Shining One

Shops:
D:4 *

Annotations:
D:8 2 transporters
D:9 2 transporters, Sirjeffry24's ghost, journeyman DrSh
D:10 Maggie; Snorg


Innate Abilities, Weirdness & Mutations

Your life essence is reduced to manifest your ancestor. (-10% HP)
You are immune to sickness and miasma.
You are immune to poison.
Your flesh is very heat resistant. (rF++)
You are vulnerable to cold. (rC-)
You float through the air rather than walking.
You learn spells naturally, not from books.
Your magical power is your life essence.
You have superior vitality. (+4 MHP)


Message History

Aim: Snorg (chance to call a sprite on attack: 27%, 71% to hit)
The bolt of dispelling energy hits Maggie!
Maggie is moderately wounded.
The bolt of dispelling energy hits Snorg!!
Snorg is moderately wounded.
The centaur warrior shoots an arrow.
The arrow hits you!!
Hamal hits Maggie with a +0 flail.
An electric eel comes into view.
Maggie points at you and mumbles some strange words.
The bolt of fire misses you.
You cannot move away from Maggie!
Aiming: Quicksilver Bolt
Press: ? - help, Shift-Dir - straight line, f/p - Snorg
Aim: Snorg (moderately wounded, chance to call a sprite on attack: 27%, 71% to hit)
The bolt of dispelling energy hits Maggie!
Maggie is severely wounded.
The bolt of dispelling energy hits Snorg!
Snorg is moderately wounded.
The centaur warrior shoots an arrow.
The arrow hits you!
The electric eel shoots out a bolt of lightning at you!
The bolt of electricity hits you!
Hamal barely misses Maggie.
You cannot move away from Maggie!
Okay, then.
Unknown command.
You feel yourself speed up.
The centaur warrior shoots an arrow.
The arrow barely misses you.
Maggie zaps a wand.
You suddenly lose the ability to move!
The centaur warrior shoots an arrow.
The arrow hits you!
Hamal barely misses Maggie.
The centaur warrior shoots an arrow.
The arrow completely misses you.
The centaur warrior shoots an arrow.
The arrow hits you!
* * * LOW HITPOINT WARNING * * *
Snorg goes berserk!
Maggie hits you but does no damage.
Maggie hits Hamal with a +2 heavy war axe.
The centaur warrior shoots an arrow.
The arrow hits you!!
* * * LOW HITPOINT WARNING * * *
Snorg completely misses Hamal.
Hamal blocks Snorg's attack.
Snorg barely misses Hamal.
The centaur warrior shoots an arrow.
The arrow hits you!
You die...

.## ..#
####.# .
..# ###
#c.T#
~~~~#.#R#
~~~S~~~@#
#~~~@#
##.#~~~#
# ..~~~#
###~~~#
.~~~#
..~.#
##~.# #.#


You could see the friendly Hamal the knight, Snorg (berserk), Maggie
(mesmerising, ally target), a centaur warrior and an electric eel.

Vanquished Creatures
  A two-headed ogre (D:9)
  A deep elf pyromancer (D:7)
  A troll (D:9)
  5 yaks (D:9)
  Menkaure (D:7)
  A sky beast (D:7)
  4 orc warriors (Bailey)
  A wolf (D:9)
  2 centaurs
  A scorpion (D:4)
  A wight (D:9)
  3 electric eels (D:9)
  5 hounds
  4 orc priests
  Natasha (D:4)
  An orc wizard (D:8)
  6 gnolls
  3 adders
  2 white imps
  An ufetubus (D:4)
  A worm (D:2)
  4 dart slugs
  21 orcs
  7 ball pythons
  6 endoplasms
  5 giant cockroaches
  11 goblins
  19 hobgoblins
  5 jackals
  7 quokkas
  3 bats
  5 frilled lizards
  7 kobolds
  5 rats
151 creatures vanquished.

Vanquished Creatures (collateral kills)
  A shadow (D:8)
  6 yaks
  An acid dragon (D:8)
  A water moccasin (D:9)
  5 orc warriors
  A sky beast (D:7)
  An ice beast (D:7)
  An ogre (D:5)
  A phantom (D:6)
  A kobold brigand (D:7)
  3 bullfrogs
  2 wights (D:9)
  4 howler monkeys
  2 electric eels (D:9)
  A jelly (D:5)
  An orc priest (D:8)
  5 hounds
  A gnoll bouda (D:6)
  5 orc wizards
  Natasha (D:4)
  4 iguanas
  8 gnolls
  An adder (D:5)
  A white imp (D:6)
  An ufetubus (D:5)
  17 orcs
  A giant cockroach (D:2)
  4 goblins (Bailey)
  4 hobgoblins
  2 jackals (D:5)
  4 kobolds
  A quokka (D:5)
92 creatures vanquished.

Vanquished Creatures (others)
  5 knights
  Natasha (D:4)
6 creatures vanquished.

Grand Total: 249 creatures vanquished

Notes
Turn   | Place    | Note
-------+----------+-------------------------------------------
     0 | D:5      | cforsyth the Djinni Delver began the quest for the Orb.
     0 | D:5      | Reached XP level 1. HP: 20/20 MP: 0/0
    29 | D:5      | Reached XP level 2. HP: 3/25 MP: 0/0
   196 | D:4      | Found Qunud's Neck Hole.
   224 | D:4      | Noticed a scorpion
   247 | D:4      | Found a glowing silver altar of Zin.
   248 | D:4      | Found a glowing golden altar of the Shining One.
   250 | D:4      | Found a white marble altar of Elyvilon.
   339 | D:4      | Reached skill level 1 in Spellcasting
   339 | D:4      | Reached skill level 1 in Conjurations
   339 | D:4      | Reached skill level 1 in Hexes
   339 | D:4      | Reached skill level 1 in Summonings
   339 | D:4      | Reached skill level 1 in Necromancy
   339 | D:4      | Reached skill level 1 in Translocations
   339 | D:4      | Reached skill level 1 in Transmutations
   339 | D:4      | Reached skill level 1 in Fire Magic
   339 | D:4      | Reached skill level 1 in Ice Magic
   339 | D:4      | Reached skill level 1 in Air Magic
   339 | D:4      | Reached skill level 1 in Earth Magic
   339 | D:4      | Reached skill level 1 in Poison Magic
   383 | D:4      | Reached XP level 3. HP: 13/30 MP: 0/0
   383 | D:4      | Learned a level 1 spell: Summon Small Mammal
   399 | D:4      | HP: 1/30 [dart slug/slug dart (6)]
  1004 | D:4      | Noticed Natasha
  1022 | D:4      | Killed Natasha
  1023 | D:4      | Reached skill level 4 in Fighting
  1023 | D:4      | Reached XP level 4. HP: 22/37 MP: 0/0
  1080 | D:4      | Killed Natasha
  1140 | D:4      | Noticed Natasha
  1158 | D:4      | Killed Natasha
  1311 | D:4      | Found a staircase to the Ecumenical Temple.
  1367 | Temple   | Entered the Ecumenical Temple
  1374 | Temple   | Became a worshipper of Hepliaklqana the Forgotten
  1520 | D:3      | Reached XP level 5. HP: 38/41 MP: 0/0
  1520 | D:3      | Learned a level 2 spell: Jinxbite
  2006 | D:1      | Reached * piety under Hepliaklqana
  3199 | D:2      | Found an ornate altar of the Wu Jian Council.
  3312 | D:2      | Reached ** piety under Hepliaklqana
  3313 | D:2      | Remembered your ancestor Hamal as a knight
  3958 | D:3      | Reached XP level 6. HP: 24/44 MP: 0/0
  4174 | D:4      | Reached skill level 5 in Fighting
  4434 | D:4      | Found a shimmering altar of Xom.
  4436 | D:4      | Found a sacrificial altar of Ru.
  4438 | D:4      | Found a burning altar of Makhleb.
  4438 | D:4      | Found a sparkling altar of Nemelex Xobeh.
  4530 | D:5      | Noticed an ogre
  4542 | D:5      | Killed an ogre
  4589 | D:5      | Reached XP level 7. HP: 44/48 MP: 0/0
  4589 | D:5      | Learned a level 3 spell: Frozen Ramparts
  4923 | D:5      | Reached skill level 6 in Fighting
  5361 | D:4      | Bought an amulet of regeneration for 300 gold pieces
  5538 | D:6      | Reached XP level 8. HP: 55/55 MP: 0/0
  5613 | D:6      | Noticed a yak
  5635 | D:6      | Killed a yak
  5636 | D:6      | Reached skill level 7 in Fighting
  5940 | D:6      | Reached skill level 5 in Spellcasting
  5940 | D:6      | Reached skill level 5 in Conjurations
  5940 | D:6      | Reached skill level 5 in Hexes
  5940 | D:6      | Reached skill level 5 in Summonings
  5940 | D:6      | Reached skill level 5 in Necromancy
  5940 | D:6      | Reached skill level 5 in Translocations
  5940 | D:6      | Reached skill level 5 in Transmutations
  5940 | D:6      | Reached skill level 5 in Fire Magic
  5940 | D:6      | Reached skill level 5 in Ice Magic
  5940 | D:6      | Reached skill level 5 in Air Magic
  5940 | D:6      | Reached skill level 5 in Earth Magic
  5940 | D:6      | Reached skill level 5 in Poison Magic
  6196 | D:6      | Reached skill level 8 in Fighting
  6196 | D:6      | Reached XP level 9. HP: 58/63 MP: 0/0
  6196 | D:6      | Learned a level 4 spell: Vhi's Electric Charge
  6392 | D:7      | Reached *** piety under Hepliaklqana
  6429 | D:7      | Found an opulent altar of Gozag.
  6430 | D:7      | Found a sparkling altar of Nemelex Xobeh.
  6479 | D:7      | Noticed a deep elf pyromancer
  6501 | D:7      | Killed a deep elf pyromancer
  6652 | D:7      | Reached skill level 9 in Fighting
  6861 | D:7      | Noticed Menkaure
  6869 | D:7      | Killed Menkaure
  7228 | D:8      | Found a transporter.
  7236 | D:8      | Found a flagged portal.
  7252 | Bailey   | Entered a bailey
  7301 | Bailey   | Reached skill level 1 in Shields
  7377 | Bailey   | Reached XP level 10. HP: 70/71 MP: 0/0
  7621 | Bailey   | Reached skill level 10 in Fighting
  7662 | Bailey   | Noticed an orc warlord
  8119 | D:8      | Acquired the ring of the Hare {EV+10}
  8119 | D:8      | Found the ring of the Hare {EV+10}
  8145 | D:8      | Reached **** piety under Hepliaklqana
  8246 | D:8      | Noticed a cyclops
  8248 | D:8      | Noticed an ogre mage
  8251 | D:8      | Found a transporter.
  8255 | D:8      | Noticed a gargoyle
  8255 | D:8      | Noticed a two-headed ogre
  8258 | D:8      | Found a sacrificial altar of Ru.
  8259 | D:8      | Found a burning altar of Makhleb.
  9058 | D:9      | Noticed a two-headed ogre
  9072 | D:9      | Found a staircase to the Lair.
  9097 | D:9      | Found an ornate altar of the Wu Jian Council.
  9370 | D:9      | Reached skill level 5 in Shields
  9383 | D:9      | Reached skill level 11 in Fighting
  9387 | D:9      | Reached XP level 11. HP: 78/78 MP: 0/0
  9387 | D:9      | Learned a level 4 spell: Flame Wave
  9681 | D:9      | Reached ***** piety under Hepliaklqana
  9735 | D:9      | Killed a two-headed ogre
  9998 | D:9      | Found a transporter.
 10002 | D:9      | Noticed a two-headed ogre
 10002 | D:9      | Noticed a two-headed ogre
 10003 | D:9      | Noticed a moth of wrath
 10005 | D:9      | Found a bloodstained altar of Trog.
 10013 | D:9      | Found a transporter.
 10014 | D:9      | Noticed Sirjeffry24's ghost (journeyman DrSh)
 10024 | D:9      | Noticed a tengu warrior
 10278 | D:4      | Bought a +2 cloak for 165 gold pieces
 10410 | D:10     | Entered Level 10 of the Dungeon
 10410 | D:10     | Noticed Maggie
 10411 | D:10     | Paralysed by Maggie for 5 turns
 10415 | D:10     | Noticed Snorg
 10416 | D:10     | Noticed a centaur warrior
 10419 | D:10     | Paralysed by Maggie for 5 turns
 10422 | D:10     | HP: 2/80 [centaur warrior/arrow (18)]
 10422 | D:10     | Shot with an arrow by a centaur warrior

Illustrated notes

Levels and vault maps discovered:
D:1:      minmay_arrival_pointy, layout_basic, minmay_misc_feat_ornament
D:2:      layout_basic, basic_altar, minmay_misc_feat_tower
D:3:      layout_loops_ring
D:4:      layout_basic, dreamdust_divine_triumvirate, doesnt_xom_only_xom,
          lemuel_temple_firewalk_a, nicolae_shop_sticking_my_neck_out,
          uniq_natasha
D:5:      layout_gridville, grunt_ministairs_3
D:6:      minmay_thick_lines, layout_rooms
D:7:      layout_cave_pools, grunt_temple_overflow_opulence,
          mainiacjoe_overflow_paths, uniq_menkaure
D:8:      layout_gridville, gammafunk_temple_overflow_arena, enter_bailey_2,
          hangedman_abyss_or_decor_stabs
D:9:      layout_long_grid, kennysheep_mini, erik_lair_island,
          gammafunk_ghost_wrathful_warriors
D:10:     layout_basic, lemuel_crystal_altar, nzn_random_ring, uniq_erica,
          uniq_maggie, uniq_snorg, uniq_psyche
Temple:   nicolae_temple_ecumenical_triangle

Skill      XL: |  1  2  3  4  5  6  7  8  9 10 11 |
---------------+----------------------------------+-----
Spellcasting   | 1 2 3 4 5 6 7 8 |  8.2
Conjurations   | 1 2 3 4 5 6 7 8 |  8.2
Hexes          | 1 2 3 4 5 6 7 8 |  8.2
Summonings     | 1 2 3 4 5 6 7 8 |  8.2
Necromancy     | 1 2 3 4 5 6 7 8 |  8.2
Translocations | 1 2 3 4 5 6 7 8 |  8.2
Transmutations | 1 2 3 4 5 6 7 8 |  8.2
Fire Magic     | 1 2 3 4 5 6 7 8 |  8.2
Ice Magic      | 1 2 3 4 5 6 7 8 |  8.2
Air Magic      | 1 2 3 4 5 6 7 8 |  8.2
Earth Magic    | 1 2 3 4 5 6 7 8 |  8.2
Poison Magic   | 1 2 3 4 5 6 7 8 |  8.2
Fighting       | 4 5 6 8 9 11 | 11.7
Shields        | 2 5 |  5.0
Long Blades    | |  1.7
Dodging        | |  2.1
Stealth        | |  4.1

Action                     |  1- 3 |  4- 6 |  7- 9 | 10-12 || total
---------------------------+-------+-------+-------+-------++-------
  Melee: Falchion          |    21 |       |       |       ||    21
         Dagger            |    76 |   115 |       |       ||   191
         Punch             |       |     4 |       |       ||     4
         Short sword       |       |   147 |   256 |   122 ||   525
   Cast: Summon Small Mamm |       |     5 |       |     3 ||     8
         Jinxbite          |       |     1 |     2 |     1 ||     4
         Frozen Ramparts   |       |       |    14 |     9 ||    23
         Flame Wave        |       |       |       |     6 ||     6
 Invoke: Ancestor Life: Kn |       |     1 |       |       ||     1
         Recall Ancestor   |       |       |     2 |     7 ||     9
  Evoke: Wand              |       |       |       |     3 ||     3
    Use: Scroll            |       |       |     7 |     5 ||    12
         Potion            |       |       |       |     1 ||     1
   Stab: Sleeping          |       |    19 |     4 |       ||    23
         Distracted        |       |       |     3 |     1 ||     4
 Armour: Leather armour    |    49 |    76 |   129 |    53 ||   307
         Troll leather arm |       |       |       |    24 ||    24
  Dodge: Dodged            |    50 |    81 |   120 |   118 ||   369
  Block: Other             |    17 |    32 |     7 |       ||    56
         Buckler           |       |       |       |     5 ||     5

Table legend: (Time is in decaauts)
 A = Elapsed time spent in this place.
 B = Non-inter-level travel time spent in this place.
 C = Inter-level travel time spent in this place.
 D = Time resting spent in this place.
 E = Time spent auto-exploring this place.
 F = Levels seen in this place.
 G = Mean time per level.
                   A        B        C        D        E       F      G
               +--------+--------+--------+--------+--------+-----+--------+
         Total |  10230 |   9464 |    766 |    979 |   6034 |  12 |  852.5 |
       Dungeon |   9355 |   8595 |    760 |    836 |   5912 |  10 |  935.5 |
        Temple |     12 |      7 |      5 |      0 |      0 |   1 |   12.0 |
        Bailey |    862 |    862 |      0 |    143 |    122 |   1 |  862.0 |
               +--------+--------+--------+--------+--------+-----+--------+

Top non-repeatable levels by time:
     D:4: 1681 daAuts
     D:9: 1175 daAuts
     D:6: 1027 daAuts
     D:8: 1015 daAuts
     D:5: 973 daAuts
     D:2: 915 daAuts
     D:3: 875 daAuts
  Bailey: 862 daAuts
     D:1: 859 daAuts
     D:7: 819 daAuts
  Temple: 12 daAuts
    D:10: 11 daAuts
